Sabres vs Blackhawks
Created - 10 mars 2017 at 19:01
Goals
|
| Sabres |
0 |
2 |
1 |
3 |
| Blackhawks |
0 |
0 |
1 |
1 |
|
Shots
|
| Sabres |
9 |
8 |
11 |
28 |
| Blackhawks |
10 |
11 |
12 |
33 |
|
1st period
No Goal
Penalties :
Antoine Roussel (Chi) for Diving (Minor) at 7:50
2nd period
1. Sabres , J.T. Miller 13 (Kyle Okposo, Evander Kane) at 0:40
2. Sabres , Jaromir Jagr 10 (Patrik Elias, Zach Bogosian) at 14:29
Penalties :
Tomas Fleischmann (Chi) for Hooking (Minor) at 1:39, Jaromir Jagr (Buf) for Slashing (Minor) at 17:03
3rd period
3. Blackhawks , Jonathan Toews 21 (Ryan Hollweg, Jason Pominville) at 2:00
4. Sabres , Jaromir Jagr 11 (Brandon Sutter, Rob Scuderi) at 19:51 (Empty Net)
Penalties :
Tomas Fleischmann (Chi) for Hooking (Minor) at 6:59, Jason Pominville (Chi) for Roughing (Minor) at 11:46
Goalie Stats
Robin Lehner (Buf), 32 saves from 33 shots - (0,970), W, 26-21-2, 60:00 minutes
Jimmy Howard (Chi), 25 saves from 27 shots - (0,926), L, 28-16-3, 59:25 minutes
Players Stats for Sabres
Player Name G A P +/- PIM S H SB GA TA FO MP PP MP PK MP
------------------------------------------------------------------------------------
Brandon Sutter 0 1 1 1 0 2 2 1 0 0 3/13 17:12 3:41 0:21
Erik Christensen 0 0 0 -1 0 3 1 0 1 0 3/4 10:25 0:00 0:00
Evander Kane 0 1 1 1 0 2 0 0 0 0 0/1 20:02 4:15 1:00
J.T. Miller 1 0 1 1 0 1 1 0 0 0 3/24 20:11 4:15 0:59
Jared Cowen 0 0 0 1 0 0 2 0 0 0 0/0 16:11 0:00 0:55
Jaromir Jagr 2 0 2 2 2 5 1 0 0 1 0/0 12:29 0:00 0:00
Jordan Leopold 0 0 0 1 0 0 3 3 0 1 0/0 20:08 3:30 1:04
Kyle Okposo 0 1 1 1 0 0 1 1 1 0 0/1 19:02 4:15 0:00
Matt Martin 0 0 0 0 0 1 1 1 0 1 0/0 16:04 3:41 0:00
Michael Haley 0 0 0 -1 0 0 0 0 0 0 0/0 10:25 0:00 0:00
Michael Kostka 0 0 0 0 0 0 1 1 0 0 0/0 19:20 4:26 0:00
Mike Leclerc 0 0 0 0 0 1 0 0 0 0 0/1 12:21 0:00 0:59
Patrik Elias 0 1 1 1 0 2 3 1 0 1 0/0 11:33 0:00 0:00
Randy Jones 0 0 0 1 0 1 0 1 0 0 0/0 19:51 3:30 1:04
Rob Scuderi 0 1 1 1 0 0 0 1 0 1 0/0 20:49 0:00 0:55
Ryan O'Reilly 0 0 0 1 0 1 0 0 0 0 4/9 11:33 0:00 0:00
Zach Bogosian 0 1 1 0 0 5 2 2 0 2 0/0 23:41 4:26 0:00
Zack Kassian 0 0 0 0 0 4 2 0 0 0 0/0 16:43 3:41 0:39
Players Stats for Blackhawks
Player Name G A P +/- PIM S H SB GA TA FO MP PP MP PK MP
------------------------------------------------------------------------------------
Antoine Roussel 0 0 0 -1 2 3 2 1 0 0 0/0 16:38 0:39 0:00
Brendan Bell 0 0 0 0 0 1 2 0 0 0 0/0 12:03 0:00 0:00
Brett Lebda 0 0 0 0 0 0 0 0 0 0 0/0 12:03 0:00 0:00
Brian Sutherby 0 0 0 -1 0 0 0 0 0 0 0/1 8:27 0:00 0:06
Carson Mcmillan 0 0 0 -1 0 1 1 0 0 2 0/0 8:21 0:00 0:00
Dave Tanabe 0 0 0 1 0 2 2 2 0 0 0/0 21:35 0:48 3:17
Derick Brassard 0 0 0 -1 0 2 1 1 1 0 19/25 21:07 0:39 4:15
Ian White 0 0 0 -3 0 2 6 2 1 0 0/0 26:22 1:11 4:39
Jason Pominville 0 1 1 1 2 0 3 0 0 0 2/2 17:14 1:05 1:47
Jonathan Toews 1 0 1 1 0 4 1 0 0 0 9/11 17:26 1:05 2:06
Joni Pitkanen 0 0 0 -3 0 1 1 1 1 0 0/0 26:22 1:11 4:39
Kurt Sauer 0 0 0 1 0 0 0 4 0 0 0/0 21:35 0:48 3:17
Oleg Saprykin 0 0 0 -1 0 6 1 0 1 0 0/0 10:05 0:00 1:28
Patrick Kaleta 0 0 0 -1 0 4 1 0 1 0 1/1 13:25 0:15 1:54
Patrick Kane 0 0 0 -1 0 4 3 0 1 0 5/5 21:08 0:39 4:16
Peter Regin 0 0 0 -1 0 1 1 0 0 0 3/7 11:15 0:15 0:00
Ryan Hollweg 0 1 1 1 0 0 1 0 1 0 1/1 15:12 1:05 0:00
Tomas Fleischmann 0 0 0 -1 4 2 0 0 0 0 0/0 11:42 0:15 0:00
3 Stars
1 - Jaromir Jagr (Buf)
2 - Robin Lehner (Buf)
3 - Jonathan Toews (Chi)
Power Play
Sabres - 0 on 4 Attempt(s) - 0,00%
Blackhawks - 0 on 1 Attempt(s) - 0,00%
Penalty Kill
Sabres - 1 on 1 Attempt(s) - 100,00%
- Score 0 goal in Penalty Kill
Blackhawks - 4 on 4 Attempt(s) - 100,00%
- Score 0 goal in Penalty Kill
Team Stat
Sabres - Hits : 20 - Faceoff Wins : 13 - Blocked Shots : 12 - Penalty Minutes : 2
Blackhawks - Hits : 26 - Faceoff Wins : 40 - Blocked Shots : 11 - Penalty Minutes : 8
Official
Referees : Martell Rob and Hebert Ghislain
Linesman : Shane Heyer and Mark Shewchyk
Game Notes
Jaromir Jagr has scored in a empty net!
Finance
Level 1 -- Attendance: 4028 (67,13%) -- Ticket Income 374 604 $
Level 2 -- Attendance: 3719 (74,38%) -- Ticket Income 215 702 $
Level 3 -- Attendance: 1434 (71,70%) -- Ticket Income 53 058 $
Level 4 -- Attendance: 2773 (69,33%) -- Ticket Income 72 098 $
Luxury Box -- Attendance: 723 (72,30%) -- Ticket Income 125 079 $
Game was played at the Rexall Place.
Total Attendance: 12677 (70,43%)
Total Ticket Income: 840 541 $
Other Income: 126 081 $
Total Income: 966 622 $
Sabres
5 vs 5 Forward
Center Left Wing Right Wing Time % Phy DF OF
1 J.T. Miller Evander Kane Kyle Okposo 34 1 2 2
2 Brandon Sutter Matt Martin Zack Kassian 30 1 2 2
3 Ryan O'Reilly Patrik Elias Jaromir Jagr 20 1 2 2
4 Erik Christensen Michael Haley Mike Leclerc 16 1 3 1
5 vs 5 Defense
Defense Defense Time % Phy DF OF
1 Rob Scuderi Zach Bogosian 40 1 3 1
2 Jordan Leopold Randy Jones 30 1 3 1
3 Michael Kostka Jared Cowen 30 1 3 1
4 Jordan Leopold Randy Jones 0 1 3 1
PowerPlay Forward
Center Left Wing Right Wing Time % Phy DF OF
1 J.T. Miller Evander Kane Kyle Okposo 60 1 1 3
2 Brandon Sutter Matt Martin Zack Kassian 40 1 1 3
PowerPlay Defense
Defense Defense Time % Phy DF OF
1 Michael Kostka Zach Bogosian 65 1 2 2
2 Jordan Leopold Randy Jones 35 1 3 1
Penalty Kill 4 Players Forward
Center Wing Time % Phy DF OF
1 Jaromir Jagr Mike Leclerc 50 1 4 0
2 Evander Kane Zack Kassian 50 1 3 1
Penalty Kill 4 Players Defense
Defense Defense Time % Phy DF OF
1 Rob Scuderi Jared Cowen 65 1 4 0
2 Jordan Leopold Randy Jones 35 1 4 0
Penalty Kill - 3 Players Forward
Forward Time % Phy DF OF
1 Jaromir Jagr 60 0 5 0
2 Mike Leclerc 40 0 5 0
Penalty Kill - 3 Players Defense
Defense Defense Time % Phy DF OF
1 Rob Scuderi Jared Cowen 65 1 4 0
2 Jordan Leopold Randy Jones 35 1 4 0
4 vs 4 Forward
Center Wing Time % Phy DF OF
1 Erik Christensen Mike Leclerc 60 1 2 2
2 Evander Kane Zack Kassian 40 1 2 2
4 vs 4 Defense
Defense Defense Time % Phy DF OF
1 Rob Scuderi Zach Bogosian 50 1 2 2
2 Jordan Leopold Randy Jones 50 1 3 1
Last Minutes Offensive
Center Left Wing Right Wing Defense Defense
Erik Christensen Evander Kane Kyle Okposo Jordan Leopold Zach Bogosian
Last Minutes Defensive
Center Left Wing Right Wing Defense Defense
Brandon Sutter Mike Leclerc Jaromir Jagr Rob Scuderi Jared Cowen
Goaltenders
Starting : Robin Lehner
Backup : Jonas Hiller
Extra Forwards
Normal : Ryan O'Reilly, J.T. Miller, Evander Kane - PP : Jaromir Jagr, Erik Christensen - PK : J.T. Miller
Extra Defensemen
Normal : Jordan Leopold, Randy Jones, Zach Bogosian - PP : Jared Cowen - PK : Michael Kostka, Zach Bogosian
Penalty Shots
Evander Kane, Jaromir Jagr, Mike Leclerc, Erik Christensen, Zack Kassian
Blackhawks
5 vs 5 Forward
Center Left Wing Right Wing Time % Phy DF OF
1 Derick Brassard Antoine Roussel Patrick Kane 40 1 2 2
2 Jonathan Toews Ryan Hollweg Jason Pominville 30 1 2 2
3 Peter Regin Tomas Fleischmann Patrick Kaleta 20 1 2 2
4 Brian Sutherby Oleg Saprykin Carson Mcmillan 10 1 2 2
5 vs 5 Defense
Defense Defense Time % Phy DF OF
1 Ian White Joni Pitkanen 40 1 2 2
2 Kurt Sauer Dave Tanabe 30 1 2 2
3 Brett Lebda Brendan Bell 20 1 2 2
4 Ian White Joni Pitkanen 10 1 2 2
PowerPlay Forward
Center Left Wing Right Wing Time % Phy DF OF
1 Derick Brassard Antoine Roussel Patrick Kane 60 1 2 2
2 Jonathan Toews Ryan Hollweg Jason Pominville 40 1 2 2
PowerPlay Defense
Defense Defense Time % Phy DF OF
1 Ian White Joni Pitkanen 60 1 2 2
2 Kurt Sauer Dave Tanabe 40 1 2 2
Penalty Kill 4 Players Forward
Center Wing Time % Phy DF OF
1 Patrick Kane Derick Brassard 60 1 2 2
2 Jason Pominville Jonathan Toews 40 1 2 2
Penalty Kill 4 Players Defense
Defense Defense Time % Phy DF OF
1 Ian White Joni Pitkanen 60 1 2 2
2 Kurt Sauer Dave Tanabe 40 1 2 2
Penalty Kill - 3 Players Forward
Forward Time % Phy DF OF
1 Patrick Kane 60 1 2 2
2 Derick Brassard 40 1 2 2
Penalty Kill - 3 Players Defense
Defense Defense Time % Phy DF OF
1 Ian White Joni Pitkanen 60 1 2 2
2 Kurt Sauer Dave Tanabe 40 1 2 2
4 vs 4 Forward
Center Wing Time % Phy DF OF
1 Patrick Kane Derick Brassard 60 1 2 2
2 Jason Pominville Jonathan Toews 40 1 2 2
4 vs 4 Defense
Defense Defense Time % Phy DF OF
1 Ian White Joni Pitkanen 60 1 2 2
2 Kurt Sauer Dave Tanabe 40 1 2 2
Last Minutes Offensive
Center Left Wing Right Wing Defense Defense
Derick Brassard Antoine Roussel Patrick Kane Ian White Joni Pitkanen
Last Minutes Defensive
Center Left Wing Right Wing Defense Defense
Derick Brassard Antoine Roussel Patrick Kane Ian White Joni Pitkanen
Goaltenders
Starting : Jimmy Howard
Backup : Al Montoya
Extra Forwards
Normal : Tomas Fleischmann, Peter Regin, Patrick Kaleta - PP : Tomas Fleischmann, Peter Regin - PK : Patrick Kaleta
Extra Defensemen
Normal : Dave Tanabe, Brendan Bell, Kurt Sauer - PP : Dave Tanabe - PK : Brendan Bell, Kurt Sauer
Penalty Shots
Patrick Kane, Derick Brassard, Jason Pominville, Jonathan Toews, Antoine Roussel
% Time on Ice - Sabres
Lines # - Real PCT - Wanted PCT - Time Play
Normal Forward
1 - 30% - 34% - 14:57
2 - 25% - 30% - 12:23
3 - 23% - 20% - 11:33
4 - 21% - 16% - 10:25
Normal Defense
1 - 41% - 40% - 20:07
2 - 30% - 30% - 14:50
3 - 29% - 30% - 14:21
4 - 0% - 0% - 0:00
PP Forward
1 - 54% - 60% - 4:15
2 - 46% - 40% - 3:41
PP Defense
1 - 56% - 65% - 4:26
2 - 44% - 35% - 3:30
PK Forward
1 - 67% - 50% - 1:20
2 - 33% - 50% - 0:39
PK Defense
1 - 46% - 65% - 0:55
2 - 54% - 35% - 1:04
PK3 Forward
1 - 0% - 60%
2 - 0% - 40%
PK3 Defense
1 - 0% - 65%
2 - 0% - 35%
44 Forward
1 - 0% - 60%
2 - 0% - 40%
44 Defense
1 - 0% - 50%
2 - 0% - 50%
Last Minute Offensive - 0:00
Last Minute Defensive - 0:47
Total
Forward - 60:00
Defense - 60:00
|
% Time on Ice - Blackhawks
Lines # - Real PCT - Wanted PCT - Time Play
Normal Forward
1 - 32% - 40% - 15:41
2 - 29% - 30% - 14:15
3 - 22% - 20% - 11:00
4 - 17% - 10% - 8:21
Normal Defense
1 - 37% - 40% - 18:20
2 - 36% - 30% - 17:30
3 - 24% - 20% - 11:35
4 - 4% - 10% - 1:52
PP Forward
1 - 45% - 60% - 0:54
2 - 55% - 40% - 1:05
PP Defense
1 - 60% - 60% - 1:11
2 - 40% - 40% - 0:48
PK Forward
1 - 74% - 60% - 5:50
2 - 26% - 40% - 2:06
PK Defense
1 - 59% - 60% - 4:39
2 - 41% - 40% - 3:17
PK3 Forward
1 - 0% - 60%
2 - 0% - 40%
PK3 Defense
1 - 0% - 60%
2 - 0% - 40%
44 Forward
1 - 0% - 60%
2 - 0% - 40%
44 Defense
1 - 0% - 60%
2 - 0% - 40%
Last Minute Offensive - 0:48
Last Minute Defensive - 0:00
Total
Forward - 60:00
Defense - 60:00
|
Play by Play
1st period
0:01 of 1st period - Derick Brassard wins face-off versus J.T. Miller in neutral zone.
0:04 of 1st period - Zach Bogosian is hit by Antoine Roussel and loses puck.
0:15 of 1st period - Slapshot by Zach Bogosian.
0:15 of 1st period - Stopped by Jimmy Howard without a rebound.
0:16 of 1st period - Brandon Sutter wins face-off versus Jonathan Toews in Blackhawks zone.
0:25 of 1st period - Snap shot by Zack Kassian.
0:25 of 1st period - Stopped by Jimmy Howard with a rebound.
0:27 of 1st period - Snap shot by Zack Kassian.
0:27 of 1st period - Shot Misses the Net.
0:29 of 1st period - Wrist shot by Zack Kassian.
0:29 of 1st period - Stopped by Jimmy Howard without a rebound.
0:30 of 1st period - Peter Regin wins face-off versus Ryan O'Reilly in Blackhawks zone.
0:39 of 1st period - Snap shot by Peter Regin.
0:39 of 1st period - Stopped by Robin Lehner with a rebound.
0:56 of 1st period - Michael Kostka is hit by Carson Mcmillan and loses puck.
1:23 of 1st period - Jared Cowen is hit by Patrick Kane and loses puck.
2:36 of 1st period - Snap shot by Carson Mcmillan.
2:36 of 1st period - Shot Hit the Post.
2:38 of 1st period - Slapshot by Dave Tanabe.
2:38 of 1st period - Shot Blocked by Brandon Sutter.
2:40 of 1st period - Snap shot by Dave Tanabe.
2:40 of 1st period - Stopped by Robin Lehner without a rebound.
2:41 of 1st period - Patrick Kane wins face-off versus J.T. Miller in Sabres zone.
3:21 of 1st period - Jared Cowen is hit by Jason Pominville and loses puck.
3:34 of 1st period - Peter Regin is hit by Michael Kostka and loses puck.
3:39 of 1st period - Snap shot by Erik Christensen.
3:39 of 1st period - Shot Misses the Net.
3:41 of 1st period - Wrist shot by Michael Haley.
3:41 of 1st period - Shot Misses the Net.
3:45 of 1st period - Snap shot by Mike Leclerc.
3:45 of 1st period - Shot Misses the Net.
4:26 of 1st period - Wrist shot by Oleg Saprykin.
4:26 of 1st period - Stopped by Robin Lehner without a rebound.
4:27 of 1st period - Jonathan Toews wins face-off versus Ryan O'Reilly in Sabres zone.
4:34 of 1st period - Wrist shot by Jaromir Jagr.
4:34 of 1st period - Stopped by Jimmy Howard with a rebound.
4:52 of 1st period - Snap shot by Patrick Kane.
4:52 of 1st period - Deflect By Derick Brassard.
4:52 of 1st period - Stopped by Robin Lehner without a rebound.
4:53 of 1st period - Derick Brassard wins face-off versus J.T. Miller in Sabres zone.
5:23 of 1st period - Icing by Jared Cowen.
5:24 of 1st period - Jonathan Toews wins face-off versus J.T. Miller in Sabres zone.
5:43 of 1st period - Kyle Okposo is hit by Jason Pominville and loses puck.
6:21 of 1st period - Snap shot by Erik Christensen.
6:21 of 1st period - Stopped by Jimmy Howard with a rebound.
6:23 of 1st period - Snap shot by Michael Kostka.
6:23 of 1st period - Shot Blocked by Antoine Roussel.
6:39 of 1st period - Snap shot by Patrick Kane.
6:39 of 1st period - Shot Misses the Net.
7:47 of 1st period - Snap shot by Kyle Okposo.
7:47 of 1st period - Deflect By J.T. Miller.
7:47 of 1st period - Shot Blocked by Derick Brassard.
7:47 of 1st period - Puck is out of play.
7:48 of 1st period - Derick Brassard wins face-off versus Ryan O'Reilly in Blackhawks zone.
7:50 of 1st period - Minor Penalty to Antoine Roussel for Diving.
7:51 of 1st period - Patrick Kane wins face-off versus J.T. Miller in Blackhawks zone.
7:59 of 1st period - Snap shot by Derick Brassard.
7:59 of 1st period - Shot Misses the Net.
8:17 of 1st period - Derick Brassard is hit by Brandon Sutter and loses puck.
8:26 of 1st period - Snap shot by Brandon Sutter.
8:26 of 1st period - Shot Misses the Net.
8:28 of 1st period - Slapshot by Randy Jones.
8:28 of 1st period - Shot Blocked by Ian White.
8:56 of 1st period - Snap shot by Oleg Saprykin.
8:56 of 1st period - Stopped by Robin Lehner with a rebound.
8:58 of 1st period - Snap shot by Oleg Saprykin.
8:58 of 1st period - Stopped by Robin Lehner with a rebound.
9:00 of 1st period - Slapshot by Oleg Saprykin.
9:00 of 1st period - Shot Blocked by Jordan Leopold.
9:46 of 1st period - Matt Martin is hit by Ian White and loses puck.
9:50 of 1st period - Penalty to Antoine Roussel is over, Antoine Roussel is back on ice.
10:10 of 1st period - Snap shot by Jaromir Jagr.
10:10 of 1st period - Shot Misses the Net.
10:22 of 1st period - Rob Scuderi is hit by Brendan Bell and loses puck.
12:45 of 1st period - Mike Leclerc is hit by Ian White and loses puck.
13:04 of 1st period - Jared Cowen is hit by Dave Tanabe.
13:23 of 1st period - Jonathan Toews is hit by Patrik Elias and loses puck.
13:47 of 1st period - Zach Bogosian is hit by Ian White and loses puck.
14:24 of 1st period - Ian White is hit by Jordan Leopold and loses puck.
14:44 of 1st period - Jordan Leopold is hit by Brendan Bell and loses puck.
15:15 of 1st period - Snap shot by Patrick Kane.
15:15 of 1st period - Stopped by Robin Lehner without a rebound.
15:16 of 1st period - Erik Christensen wins face-off versus Derick Brassard in Sabres zone.
15:45 of 1st period - Ian White is hit by Jared Cowen and loses puck.
15:50 of 1st period - Snap shot by Patrick Kane.
15:50 of 1st period - Shot Blocked by Matt Martin.
15:52 of 1st period - Slapshot by Antoine Roussel.
15:52 of 1st period - Stopped by Robin Lehner without a rebound.
15:53 of 1st period - Jonathan Toews wins face-off versus J.T. Miller in Sabres zone.
16:08 of 1st period - Slapshot by Zach Bogosian.
16:08 of 1st period - Stopped by Jimmy Howard with a rebound.
16:18 of 1st period - Brandon Sutter is hit by Ian White and loses puck.
16:28 of 1st period - Icing by Zack Kassian.
16:29 of 1st period - Derick Brassard wins face-off versus Brandon Sutter in Sabres zone.
16:32 of 1st period - Snap shot by Derick Brassard.
16:32 of 1st period - Shot Blocked by Zach Bogosian.
16:38 of 1st period - Snap shot by Zack Kassian.
16:38 of 1st period - Stopped by Jimmy Howard with a rebound.
16:40 of 1st period - Slapshot by Rob Scuderi.
16:40 of 1st period - Shot Blocked by Kurt Sauer.
16:42 of 1st period - Snap shot by Zack Kassian.
16:42 of 1st period - Deflect By Brandon Sutter.
16:42 of 1st period - Stopped by Jimmy Howard with a rebound.
16:44 of 1st period - Slapshot by Zack Kassian.
16:44 of 1st period - Shot Misses the Net.
16:46 of 1st period - Slapshot by Rob Scuderi.
16:46 of 1st period - Shot Misses the Net.
16:48 of 1st period - Slapshot by Rob Scuderi.
16:48 of 1st period - Shot Blocked by Kurt Sauer.
17:08 of 1st period - Snap shot by Brandon Sutter.
17:08 of 1st period - Deflect By Zack Kassian.
17:08 of 1st period - Shot Misses the Net.
17:08 of 1st period - Puck is out of play.
17:09 of 1st period - Ryan Hollweg wins face-off versus Kyle Okposo in Blackhawks zone.
17:24 of 1st period - Snap shot by Jonathan Toews.
17:24 of 1st period - Stopped by Robin Lehner with a rebound.
18:01 of 1st period - Jared Cowen is hit by Antoine Roussel and loses puck.
18:35 of 1st period - Snap shot by Brandon Sutter.
18:35 of 1st period - Stopped by Jimmy Howard with a rebound.
18:47 of 1st period - Jaromir Jagr is hit by Peter Regin and loses puck.
19:34 of 1st period - Snap shot by Zach Bogosian.
19:34 of 1st period - Deflect By Evander Kane.
19:34 of 1st period - Shot Misses the Net.
19:34 of 1st period - Puck is out of play.
19:35 of 1st period - Jonathan Toews wins face-off versus J.T. Miller in Blackhawks zone.
19:48 of 1st period - Wrist shot by Jason Pominville.
19:48 of 1st period - Shot Blocked by Kyle Okposo.
19:50 of 1st period - Slapshot by Brendan Bell.
19:50 of 1st period - Deflect By Randy Jones.
19:50 of 1st period - Stopped by Robin Lehner with a rebound.
Goals for this period are 0 for Sabres vs 0 for Blackhawks.
Shots for this period are 9 for Sabres vs 10 for Blackhawks.
2nd period
0:01 of 2nd period - Derick Brassard wins face-off versus J.T. Miller in neutral zone.
0:40 of 2nd period - Slapshot by Kyle Okposo.
0:40 of 2nd period - Deflect By J.T. Miller.
0:40 of 2nd period - Goal by J.T. Miller - Sabres : 1 - Blackhawks : 0.
0:41 of 2nd period - Derick Brassard wins face-off versus Brandon Sutter in neutral zone.
1:17 of 2nd period - Evander Kane is hit by Jonathan Toews and loses puck.
1:34 of 2nd period - Ryan O'Reilly is hit by Patrick Kaleta.
1:39 of 2nd period - Minor Penalty to Tomas Fleischmann for Hooking.
1:40 of 2nd period - Patrick Kane wins face-off versus J.T. Miller in Blackhawks zone.
2:20 of 2nd period - Icing by Brandon Sutter.
2:21 of 2nd period - Jason Pominville wins face-off versus Brandon Sutter in Sabres zone.
3:35 of 2nd period - Michael Kostka is hit by Dave Tanabe and loses puck.
3:39 of 2nd period - Penalty to Tomas Fleischmann is over, Tomas Fleischmann is back on ice.
3:54 of 2nd period - Snap shot by Oleg Saprykin.
3:54 of 2nd period - Stopped by Robin Lehner without a rebound.
3:55 of 2nd period - Jonathan Toews wins face-off versus Mike Leclerc in Sabres zone.
3:58 of 2nd period - Snap shot by Jonathan Toews.
3:58 of 2nd period - Stopped by Robin Lehner with a rebound.
4:02 of 2nd period - Wrist shot by Jonathan Toews.
4:02 of 2nd period - Shot Blocked by Zach Bogosian.
4:04 of 2nd period - Wrist shot by Joni Pitkanen.
4:04 of 2nd period - Shot Blocked by Rob Scuderi.
4:06 of 2nd period - Snap shot by Jonathan Toews.
4:06 of 2nd period - Stopped by Robin Lehner without a rebound.
4:07 of 2nd period - Derick Brassard wins face-off versus Brandon Sutter in Sabres zone.
4:08 of 2nd period - Wrist shot by Patrick Kane.
4:08 of 2nd period - Stopped by Robin Lehner with a rebound.
4:14 of 2nd period - Zack Kassian is hit by Ian White and loses puck.
4:33 of 2nd period - J.T. Miller is hit by Ian White and loses puck.
4:56 of 2nd period - Snap shot by Patrick Kaleta.
4:56 of 2nd period - Stopped by Robin Lehner with a rebound.
4:58 of 2nd period - Slapshot by Brendan Bell.
4:58 of 2nd period - Shot Blocked by Randy Jones.
6:16 of 2nd period - Patrick Kaleta is hit by Jaromir Jagr and loses puck.
6:33 of 2nd period - Slapshot by Oleg Saprykin.
6:33 of 2nd period - Shot Blocked by Michael Kostka.
7:34 of 2nd period - Kurt Sauer is hit by Patrik Elias and loses puck.
7:53 of 2nd period - Wrist shot by Oleg Saprykin.
7:53 of 2nd period - Shot Misses the Net.
7:55 of 2nd period - Wrist shot by Carson Mcmillan.
7:55 of 2nd period - Stopped by Robin Lehner with a rebound.
7:57 of 2nd period - Snap shot by Oleg Saprykin.
7:57 of 2nd period - Shot Misses the Net.
8:40 of 2nd period - Ryan Hollweg is hit by Erik Christensen and loses puck.
9:38 of 2nd period - Slapshot by Joni Pitkanen.
9:38 of 2nd period - Stopped by Robin Lehner with a rebound.
9:48 of 2nd period - Snap shot by Erik Christensen.
9:48 of 2nd period - Shot Misses the Net.
9:50 of 2nd period - Snap shot by Zach Bogosian.
9:50 of 2nd period - Shot Blocked by Ian White.
9:52 of 2nd period - Wrist shot by Mike Leclerc.
9:52 of 2nd period - Stopped by Jimmy Howard with a rebound.
9:54 of 2nd period - Slapshot by Zach Bogosian.
9:54 of 2nd period - Stopped by Jimmy Howard without a rebound.
9:55 of 2nd period - Derick Brassard wins face-off versus J.T. Miller in Blackhawks zone.
10:27 of 2nd period - Off-side.
10:28 of 2nd period - Brandon Sutter wins face-off versus Derick Brassard in neutral zone.
10:31 of 2nd period - Slapshot by Randy Jones.
10:31 of 2nd period - Stopped by Jimmy Howard without a rebound.
10:32 of 2nd period - Derick Brassard wins face-off versus J.T. Miller in Blackhawks zone.
10:37 of 2nd period - Randy Jones is hit by Derick Brassard and loses puck.
11:33 of 2nd period - Jonathan Toews is hit by Matt Martin and loses puck.
12:32 of 2nd period - Slapshot by Ian White.
12:32 of 2nd period - Shot Misses the Net.
12:36 of 2nd period - Snap shot by Tomas Fleischmann.
12:36 of 2nd period - Shot Misses the Net.
12:38 of 2nd period - Snap shot by Patrick Kaleta.
12:38 of 2nd period - Stopped by Robin Lehner with a rebound.
12:54 of 2nd period - Snap shot by Ryan Hollweg.
12:54 of 2nd period - Deflect By Evander Kane.
12:54 of 2nd period - Shot Blocked by Jordan Leopold.
12:54 of 2nd period - Puck is out of play.
12:55 of 2nd period - Jonathan Toews wins face-off versus J.T. Miller in Sabres zone.
13:18 of 2nd period - Slapshot by Zach Bogosian.
13:18 of 2nd period - Shot Blocked by Dave Tanabe.
13:42 of 2nd period - Kurt Sauer is hit by Brandon Sutter and loses puck.
14:09 of 2nd period - Snap shot by Evander Kane.
14:09 of 2nd period - Stopped by Jimmy Howard with a rebound.
14:19 of 2nd period - Slapshot by Dave Tanabe.
14:19 of 2nd period - Stopped by Robin Lehner without a rebound.
14:20 of 2nd period - Ryan O'Reilly wins face-off versus Brian Sutherby in Sabres zone.
14:25 of 2nd period - Slapshot by Zach Bogosian.
14:25 of 2nd period - Deflect By Patrik Elias.
14:25 of 2nd period - Stopped by Jimmy Howard with a rebound.
14:27 of 2nd period - Snap shot by Jaromir Jagr.
14:27 of 2nd period - Shot Misses the Net.
14:29 of 2nd period - Slapshot by Jaromir Jagr.
14:29 of 2nd period - Goal by Jaromir Jagr - Sabres : 2 - Blackhawks : 0.
14:30 of 2nd period - Derick Brassard wins face-off versus Brandon Sutter in neutral zone.
14:43 of 2nd period - Wrist shot by Patrick Kane.
14:43 of 2nd period - Shot Misses the Net.
14:57 of 2nd period - Kyle Okposo is hit by Ryan Hollweg and loses puck.
15:17 of 2nd period - Snap shot by Peter Regin.
15:17 of 2nd period - Shot Misses the Net.
15:19 of 2nd period - Slapshot by Peter Regin.
15:19 of 2nd period - Shot Misses the Net.
15:21 of 2nd period - Wrist shot by Patrick Kaleta.
15:21 of 2nd period - Deflect By Tomas Fleischmann.
15:21 of 2nd period - Stopped by Robin Lehner with a rebound.
15:23 of 2nd period - Slapshot by Joni Pitkanen.
15:23 of 2nd period - Shot Blocked by Patrik Elias.
15:25 of 2nd period - Slapshot by Ian White.
15:25 of 2nd period - Shot Misses the Net.
15:27 of 2nd period - Snap shot by Tomas Fleischmann.
15:27 of 2nd period - Shot Blocked by Jordan Leopold.
16:17 of 2nd period - Derick Brassard is hit by J.T. Miller and loses puck.
17:03 of 2nd period - Minor Penalty to Jaromir Jagr for Slashing.
17:04 of 2nd period - Jonathan Toews wins face-off versus J.T. Miller in Sabres zone.
19:03 of 2nd period - Penalty to Jaromir Jagr is over, Jaromir Jagr is back on ice.
19:26 of 2nd period - Slapshot by Zach Bogosian.
19:26 of 2nd period - Deflect By Oleg Saprykin.
19:26 of 2nd period - Stopped by Jimmy Howard with a rebound.
19:36 of 2nd period - Snap shot by Oleg Saprykin.
19:36 of 2nd period - Stopped by Robin Lehner with a rebound.
19:57 of 2nd period - Icing by Joni Pitkanen.
19:58 of 2nd period - Ryan O'Reilly wins face-off versus Peter Regin in Blackhawks zone.
Goals for this period are 2 for Sabres vs 0 for Blackhawks.
Shots for this period are 8 for Sabres vs 11 for Blackhawks.
3rd period
0:01 of 3rd period - J.T. Miller wins face-off versus Derick Brassard in neutral zone.
0:38 of 3rd period - Slapshot by Patrick Kaleta.
0:38 of 3rd period - Stopped by Robin Lehner without a rebound.
0:39 of 3rd period - Derick Brassard wins face-off versus J.T. Miller in Sabres zone.
0:42 of 3rd period - Wrist shot by Derick Brassard.
0:42 of 3rd period - Stopped by Robin Lehner with a rebound.
1:16 of 3rd period - Snap shot by Zack Kassian.
1:16 of 3rd period - Stopped by Jimmy Howard with a rebound.
2:00 of 3rd period - Slapshot by Jonathan Toews.
2:00 of 3rd period - Goal by Jonathan Toews - Sabres : 2 - Blackhawks : 1.
2:01 of 3rd period - Derick Brassard wins face-off versus Evander Kane in neutral zone.
2:03 of 3rd period - Ian White is hit by Zach Bogosian and loses puck.
2:10 of 3rd period - Zach Bogosian is hit by Patrick Kane.
2:32 of 3rd period - Patrik Elias is hit by Patrick Kane and loses puck.
3:03 of 3rd period - Wrist shot by Brandon Sutter.
3:03 of 3rd period - Shot Blocked by Joni Pitkanen.
3:13 of 3rd period - Snap shot by Erik Christensen.
3:13 of 3rd period - Stopped by Jimmy Howard without a rebound.
3:14 of 3rd period - Jonathan Toews wins face-off versus Erik Christensen in Blackhawks zone.
3:14 of 3rd period - Jonathan Toews is hit by Jared Cowen.
3:29 of 3rd period - Off-side.
3:30 of 3rd period - J.T. Miller wins face-off versus Derick Brassard in neutral zone.
3:55 of 3rd period - Jonathan Toews is hit by Zack Kassian and loses puck.
4:20 of 3rd period - Slapshot by Patrick Kaleta.
4:20 of 3rd period - Stopped by Robin Lehner without a rebound.
4:21 of 3rd period - Peter Regin wins face-off versus J.T. Miller in Sabres zone.
4:28 of 3rd period - Slapshot by Zach Bogosian.
4:28 of 3rd period - Stopped by Jimmy Howard without a rebound.
4:29 of 3rd period - Derick Brassard wins face-off versus J.T. Miller in Blackhawks zone.
5:20 of 3rd period - Snap shot by Tomas Fleischmann.
5:20 of 3rd period - Shot Misses the Net.
5:38 of 3rd period - Off-side.
5:39 of 3rd period - Erik Christensen wins face-off versus Derick Brassard in neutral zone.
5:53 of 3rd period - Snap shot by Erik Christensen.
5:53 of 3rd period - Stopped by Jimmy Howard with a rebound.
6:17 of 3rd period - J.T. Miller is hit by Jason Pominville and loses puck.
6:38 of 3rd period - Snap shot by Ian White.
6:38 of 3rd period - Stopped by Robin Lehner with a rebound.
6:40 of 3rd period - Slapshot by Carson Mcmillan.
6:40 of 3rd period - Shot Misses the Net.
6:59 of 3rd period - Minor Penalty to Tomas Fleischmann for Hooking.
7:00 of 3rd period - Patrick Kane wins face-off versus Brandon Sutter in Blackhawks zone.
8:20 of 3rd period - Joni Pitkanen is hit by Zach Bogosian.
8:59 of 3rd period - Penalty to Tomas Fleischmann is over, Tomas Fleischmann is back on ice.
9:04 of 3rd period - Derick Brassard is hit by Patrik Elias and loses puck.
9:11 of 3rd period - Slapshot by Patrik Elias.
9:11 of 3rd period - Deflect By Jaromir Jagr.
9:11 of 3rd period - Shot Blocked by Kurt Sauer.
9:11 of 3rd period - Puck is out of play.
9:12 of 3rd period - Jason Pominville wins face-off versus Ryan O'Reilly in Blackhawks zone.
9:27 of 3rd period - Jonathan Toews is hit by Jordan Leopold and loses puck.
9:57 of 3rd period - Backhand shot by Evander Kane.
9:57 of 3rd period - Shot Blocked by Kurt Sauer.
10:03 of 3rd period - Michael Kostka is hit by Oleg Saprykin and loses puck.
10:20 of 3rd period - Brendan Bell is hit by Zack Kassian and loses puck.
10:33 of 3rd period - Snap shot by Jared Cowen.
10:33 of 3rd period - Deflect By Ryan O'Reilly.
10:33 of 3rd period - Stopped by Jimmy Howard with a rebound.
10:35 of 3rd period - Wrist shot by Patrik Elias.
10:35 of 3rd period - Stopped by Jimmy Howard without a rebound.
10:36 of 3rd period - Jonathan Toews wins face-off versus Ryan O'Reilly in Blackhawks zone.
11:29 of 3rd period - Slapshot by Patrik Elias.
11:29 of 3rd period - Shot Misses the Net.
11:46 of 3rd period - Minor Penalty to Jason Pominville for Roughing.
11:47 of 3rd period - Patrick Kane wins face-off versus J.T. Miller in Blackhawks zone.
12:22 of 3rd period - Slapshot by Jordan Leopold.
12:22 of 3rd period - Shot Misses the Net.
12:38 of 3rd period - Wrist shot by Oleg Saprykin.
12:38 of 3rd period - Stopped by Robin Lehner without a rebound.
12:39 of 3rd period - Patrick Kaleta wins face-off versus Brandon Sutter in Sabres zone.
13:46 of 3rd period - Penalty to Jason Pominville is over, Jason Pominville is back on ice.
14:18 of 3rd period - Off-side.
14:19 of 3rd period - Erik Christensen wins face-off versus Jonathan Toews in neutral zone.
14:24 of 3rd period - Slapshot by Erik Christensen.
14:24 of 3rd period - Shot Misses the Net.
14:26 of 3rd period - Wrist shot by Michael Haley.
14:26 of 3rd period - Shot Misses the Net.
14:44 of 3rd period - Jason Pominville is hit by Jordan Leopold and loses puck.
15:05 of 3rd period - Wrist shot by Jonathan Toews.
15:05 of 3rd period - Shot Misses the Net.
15:07 of 3rd period - Slapshot by Dave Tanabe.
15:07 of 3rd period - Deflect By Jason Pominville.
15:07 of 3rd period - Shot Misses the Net.
15:07 of 3rd period - Puck is out of play.
15:08 of 3rd period - Derick Brassard wins face-off versus J.T. Miller in Sabres zone.
15:09 of 3rd period - Wrist shot by Antoine Roussel.
15:09 of 3rd period - Stopped by Robin Lehner without a rebound.
15:10 of 3rd period - Derick Brassard wins face-off versus J.T. Miller in Sabres zone.
15:13 of 3rd period - Snap shot by Antoine Roussel.
15:13 of 3rd period - Stopped by Robin Lehner without a rebound.
15:14 of 3rd period - J.T. Miller wins face-off versus Derick Brassard in Sabres zone.
15:49 of 3rd period - Snap shot by Tomas Fleischmann.
15:49 of 3rd period - Stopped by Robin Lehner with a rebound.
15:51 of 3rd period - Slapshot by Ian White.
15:51 of 3rd period - Stopped by Robin Lehner without a rebound.
15:52 of 3rd period - Derick Brassard wins face-off versus Brandon Sutter in Sabres zone.
15:59 of 3rd period - Slapshot by Patrick Kane.
15:59 of 3rd period - Deflect By Rob Scuderi.
15:59 of 3rd period - Shot Misses the Net.
15:59 of 3rd period - Puck is out of play.
16:00 of 3rd period - Derick Brassard wins face-off versus Brandon Sutter in Sabres zone.
16:01 of 3rd period - Wrist shot by Patrick Kane.
16:01 of 3rd period - Shot Misses the Net.
16:03 of 3rd period - Snap shot by Patrick Kane.
16:03 of 3rd period - Shot Hit the Post.
16:07 of 3rd period - Snap shot by Patrick Kane.
16:07 of 3rd period - Stopped by Robin Lehner without a rebound.
16:08 of 3rd period - Peter Regin wins face-off versus J.T. Miller in Sabres zone.
17:22 of 3rd period - Wrist shot by Michael Haley.
17:22 of 3rd period - Shot Misses the Net.
17:24 of 3rd period - Snap shot by Mike Leclerc.
17:24 of 3rd period - Shot Misses the Net.
17:26 of 3rd period - Wrist shot by Mike Leclerc.
17:26 of 3rd period - Shot Blocked by Dave Tanabe.
17:28 of 3rd period - Snap shot by Mike Leclerc.
17:28 of 3rd period - Shot Misses the Net.
17:50 of 3rd period - Slapshot by Brian Sutherby.
17:50 of 3rd period - Shot Misses the Net.
18:09 of 3rd period - Wrist shot by Jaromir Jagr.
18:09 of 3rd period - Stopped by Jimmy Howard without a rebound.
18:10 of 3rd period - Brandon Sutter wins face-off versus Peter Regin in Blackhawks zone.
18:21 of 3rd period - Wrist shot by Zack Kassian.
18:21 of 3rd period - Shot Misses the Net.
18:23 of 3rd period - Slapshot by Matt Martin.
18:23 of 3rd period - Stopped by Jimmy Howard with a rebound.
18:41 of 3rd period - Slapshot by Evander Kane.
18:41 of 3rd period - Stopped by Jimmy Howard without a rebound.
18:42 of 3rd period - Derick Brassard wins face-off versus J.T. Miller in Blackhawks zone.
18:49 of 3rd period - Brett Lebda is hit by Kyle Okposo and loses puck.
19:16 of 3rd period - Blackhawks, Jimmy Howard is pulled from the net.
19:16 of 3rd period - Snap shot by Patrick Kane.
19:16 of 3rd period - Stopped by Robin Lehner with a rebound.
19:31 of 3rd period - Off-side.
19:32 of 3rd period - Bruce Boudreau call a timeout for Blackhawks.
19:32 of 3rd period - Derick Brassard wins face-off versus Brandon Sutter in neutral zone.
19:35 of 3rd period - Brandon Sutter is hit by Joni Pitkanen.
19:41 of 3rd period - Snap shot by Patrick Kane.
19:41 of 3rd period - Shot Misses the Net.
19:49 of 3rd period - Wrist shot by Brandon Sutter.
19:49 of 3rd period - Shot Misses the Net.
19:51 of 3rd period - Snap shot by Jaromir Jagr.
19:51 of 3rd period - Goal by Jaromir Jagr - Sabres : 3 - Blackhawks : 1.
19:51 of 3rd period - Jimmy Howard from Blackhawks was sent back in the game.
19:52 of 3rd period - Ryan O'Reilly wins face-off versus Peter Regin in neutral zone.
19:55 of 3rd period - Slapshot by Jaromir Jagr.
19:55 of 3rd period - Stopped by Jimmy Howard without a rebound.
19:56 of 3rd period - Ryan O'Reilly wins face-off versus Peter Regin in Blackhawks zone.
Goals for this period are 1 for Sabres vs 1 for Blackhawks.
Shots for this period are 11 for Sabres vs 12 for Blackhawks.
Back to the Top